 Dungeon Crawl Stone Soup version 0.31-a0-1300-gb6740aa4e6 (webtiles) character file.

Game seed: 16663194546900789938

144 mopl the Insei (level 5, -8/34 HPs)
             Began as an Octopode Shapeshifter on Dec 18, 2023.
             Shot with an arrow by a centaur (10 damage)
             ... on level 5 of the Dungeon.
             The game lasted 00:02:30 (2783 turns).

mopl the Insei (Octopode Shapeshifter)              Turns: 2783, Time: 00:02:31

Health: -8/34      AC:  1    Str: 13    XL:     5   Next: 27%
Magic:  5/5        EV: 13    Int: 13    God:
Gold:   259        SH:  0    Dex: 13    Spells: 4/4 levels left

rFire   . .          .
                       - Unarmed
rCold   . . .        (no shield)
rNeg    . . .        (helmet currently unavailable)
rPois   .            (no amulet)
rElec   .            r - ring of flight
rCorr   +            t - ring of resist corrosion
SInv    .            (no ring)
Will    .....        (no ring)
Stlth   ++           (no ring)
HPRegen 0.25/turn    (no ring)
MPRegen 0.09/turn    (no ring)
                     (no ring)

%: no passive effects
@: beast-form, flying
A: beast (slay +2), almost no armour, amphibious, 8 rings, camouflage 1,
gelatinous body 1, (nimble swimmer 1), tentacles
a: Begin Untransformation


You were on level 5 of the Dungeon.
You were a hulking beast.
You visited 2 branches of the dungeon, and saw 7 of its levels.

You collected 259 gold pieces.

Inventory:

Missiles
 p - 4 boomerangs
Jewellery
 r - a ring of flight (left tentacle)
 t - a ring of resist corrosion (right tentacle)
Talismans
 b - a beast talisman
 c - a flux talisman
Wands
 v - a wand of digging (5)
Scrolls
 d - 5 scrolls of identify {unknown}
 e - 2 scrolls of enchant armour {unknown}
 f - 2 scrolls of teleportation {unknown}
 g - a scroll of noise {unknown}
 i - 2 scrolls of fog {unknown}
 k - 2 scrolls of enchant weapon {unknown}
 l - a scroll of acquirement {unknown}
 m - a scroll of immolation {unknown}
 o - a scroll of vulnerability {unknown}
Potions
 a - 2 potions of lignification {!q}
 h - 2 potions of attraction {unknown}
 j - 2 potions of brilliance {unknown}
 n - 3 potions of curing {unknown}
 q - a potion of ambrosia {unknown}
 s - 2 potions of enlightenment {unknown}
 u - a potion of magic {unknown}


   Skills:
 + Level 2.1 Fighting
 + Level 2.7 Dodging
 * Level 4.1 Unarmed Combat
 * Level 3.9 Shapeshifting


You had 4 spell levels left.
You didn't know any spells.
Your spell library contained the following spells:

 Spells                   Type           Power      Damage    Failure   Level
 Freeze                   Ice            0%         1d3       30%         1
 Frozen Ramparts          Ice            0%         1d1       67%         3
 Hailstorm                Conj/Ice       0%         3d5       67%         3
 Stone Arrow              Conj/Erth      0%         3d7       67%         3
 Lehudib's Crystal Spear  Conj/Erth      0%         10d2      100%        8
 Animate Armour           Summ/Erth      Unusable   N/A       N/A         4

Dungeon Overview and Level Annotations

Branches:
Dungeon (6/15)             Temple (1/1) D:4

Altars:
Cheibriados
Ru
Sif Muna
Uskayaw
Vehumet
Xom
Yredelemnul
Zin
The Shining One


Innate Abilities, Weirdness & Mutations

You are a hulking beast.
Your limbs bulge with bestial killing power. (Slay +2)
You cannot wear most types of armour.
You are amphibious.
You can wear up to eight rings at the same time.
Your skin changes colour to match your surroundings (Stealth+).
Your rubbery body absorbs attacks. (AC +1, EV +1)
((You are camouflaged when in or above water. (Stealth+)))
You have tentacles for arms and can constrict up to eight enemies at once.


Message History

There is a stone staircase leading up here.
You fly upwards.
Found an ivory wand and a lumpy inky potion.
Found an escape hatch in the ceiling.
There is a stone staircase leading down here.
v - a wand of digging (5)
An ufetubus comes into view.
Found 7 gold pieces.
Found a hide-covered altar of Uskayaw.
An ufetubus comes into view.
Found a pair of boots.
Found a scroll labelled COELIM ICZISAA.
The ufetubus shouts! x2
You tentacle-slap the ufetubus. Your grab misses the ufetubus.
The ufetubus is heavily wounded.
The ufetubus hits you. The ufetubus barely misses you.
You barely miss the ufetubus. You grab the ufetubus.
You tentacle-slap the ufetubus. You squeeze the ufetubus.
The ufetubus is almost dead.
You constrict the ufetubus.
You kill the ufetubus!
You closely miss the ufetubus. Your grab misses the ufetubus.
The ufetubus slips past you! The ufetubus hits you.
The ufetubus barely misses you. The ufetubus closely misses you.
The ufetubus barely misses you.
A centaur comes into view.
You bludgeon the ufetubus! Your grab misses the ufetubus.
The ufetubus is severely wounded.
The ufetubus hits you. The ufetubus barely misses you.
The centaur wields a +0 shortbow.
The centaur shoots an arrow.
The arrow misses you.
You tentacle-slap the ufetubus. Your grab misses the ufetubus.
You tentacle-slap the ufetubus.
You kill the ufetubus!
The centaur shoots an arrow.
The arrow hits you!
The centaur shoots an arrow.
The arrow hits you!
* * * LOW HITPOINT WARNING * * *
The centaur shoots an arrow.
The arrow hits you!
* * * LOW HITPOINT WARNING * * *
The centaur shoots an arrow.
The arrow hits you!
You die...

#..≈≈?≈≈...#
#####...≈.≈....#
#.....≈.....≈..#
#.....≈≈...≈≈..#
#........_.$...#
#.....≈≈...≈≈..#
#.....≈...c.≈..#
#<.h....≈.≈.....
#####...!..≈≈.≈≈...#
#................[..
#.........#.........
#........##.#.......
#...........########
#........##....#
#..>............
#........##.#...


You could see a centaur.

Vanquished Creatures
  A hound (D:4)
  An adder (D:3)
  2 ufetubi (D:5)
  2 worms
  3 dart slugs
  3 orcs
  7 ball pythons
  8 bats
  7 endoplasms
  2 giant cockroaches
  6 goblins
  6 hobgoblins
  9 jackals
  4 quokkas
  A frilled lizard (D:2)
  8 kobolds
  3 rats
73 creatures vanquished.

Notes
Turn   | Place    | Note
-------+----------+-------------------------------------------
     0 | D:1      | mopl the Octopode Shapeshifter began the quest for the Orb.
     0 | D:1      | Reached XP level 1. HP: 13/13 MP: 1/1
    84 | D:1      | Reached XP level 2. HP: 18/18 MP: 2/2
   367 | D:1      | Reached XP level 3. HP: 23/23 MP: 3/3
   417 | D:1      | Found a faded altar of an unknown god.
  1348 | D:2      | Reached XP level 4. HP: 20/29 MP: 4/4
  1367 | D:2      | Found a snail-covered altar of Cheibriados.
  2459 | D:4      | Reached skill level 2 in Fighting
  2459 | D:4      | Reached skill level 4 in Unarmed Combat
  2459 | D:4      | Reached XP level 5. HP: 29/34 MP: 5/5
  2571 | D:4      | Found a radiant altar of Vehumet.
  2655 | D:4      | Found a staircase to the Ecumenical Temple.
  2664 | Temple   | Entered the Ecumenical Temple
  2753 | D:4      | You are sucked into a shaft and drop 2 floors!
  2759 | D:5      | Entered Level 5 of the Dungeon
  2769 | D:5      | Found a hide-covered altar of Uskayaw.
  2776 | D:5      | Noticed a centaur
  2781 | D:5      | HP: 1/34 [centaur/arrow (8)]
  2783 | D:5      | Shot with an arrow by a centaur

Illustrated notes

Levels and vault maps discovered:
D:1:      evilmike_arrival_crescent, layout_basic,
          shapermc_ecumenical_altar_acropolis
D:2:      minmay_recursive_quarters, layout_loops_ring, basic_altar,
          minmay_misc_feat_nine_boxes
D:3:      layout_rooms, nrook_mini_backslash
D:4:      nicolae_cairo_tiling_large_dashed, layout_basic, tgw_kikubaaqudgha,
          nicolae_vehumet_altar_sigil
D:5:      minmay_opposing_rooms, layout_basic, nicolae_qazlal_general_emergency,
          ashenzari_altar_1, mainiacjoe_overflow_small_starburst,
          lemuel_doored_altar, serial_shops, shop
D:6:      layout_loops_ring, trog_wizard, mainiacjoe_overflow_tiny_flanked,
          mainiacjoe_overflow_24_doors, serial_shops,
          nicolae_shop_back_alley_shop, biasface_ghost_orc_armoury,
          minmay_nine_imps
Temple:   nicolae_temple_bog_church

Skill      XL: |  1  2  3  4 |
---------------+-------------+-----
Fighting       | 2 |  2.1
Unarmed Combat | 4 |  4.1
Dodging        | |  2.7
Shapeshifting  | |  3.9

Action                     |  1- 3 |  4- 6 || total
---------------------------+-------+-------++-------
  Melee: Unarmed           |    79 |    57 ||   136
         Constrict         |    21 |    16 ||    37
         Punch             |     1 |     2 ||     3
         Tentacles         |    12 |     9 ||    21
   Stab: Sleeping          |     9 |     5 ||    14
 Armour: Skin              |    26 |    28 ||    54
  Dodge: Dodged            |    52 |    34 ||    86

Table legend: (Time is in decaauts)
 A = Elapsed time spent in this place.
 B = Non-inter-level travel time spent in this place.
 C = Inter-level travel time spent in this place.
 D = Time resting spent in this place.
 E = Time spent auto-exploring this place.
 F = Levels seen in this place.
 G = Mean time per level.
                   A        B        C        D        E       F      G
               +--------+--------+--------+--------+--------+-----+--------+
         Total |   2772 |   2655 |    117 |      0 |   2212 |   7 |  396.0 |
       Dungeon |   2770 |   2654 |    116 |      0 |   2212 |   6 |  461.7 |
        Temple |      1 |      1 |      0 |      0 |      0 |   1 |    1.0 |
               +--------+--------+--------+--------+--------+-----+--------+

Top non-repeatable levels by time:
     D:1: 959 daAuts
     D:2: 844 daAuts
     D:3: 519 daAuts
     D:4: 417 daAuts
     D:5: 23 daAuts
     D:6: 5 daAuts
  Temple: 1 daAuts
